[ AOE2 MATCH · #484147296 ]
UnrankedFranks vs Burgundians
[ REPLAY ANALYSIS · EXTRACTED FROM THE RECORDED GAME ]
Feudal
10:16
Castle
14:28
Imperial
29:48
| APM avg | 37.2 |
| APM peak | 87 |
| eAPM avg | 20.6 |
| Villagers / military | 138 / 170 |
Focus
⚔️ 32.8% · 🌾 67.2%
Knight ×165 · Trebuchet (Packed) ×4 · Monk ×1
Feudal
11:43
Castle
17:25
Imperial
31:56
| APM avg | 29.6 |
| APM peak | 60 |
| eAPM avg | 14.0 |
| Villagers / military | 90 / 168 |
Focus
⚔️ 31.9% · 🌾 68.1%
Hand Cannoneer ×81 · Scout Cavalry ×45 · Knight ×37 · Bombard Cannon ×3 · Monk ×1 · Trebuchet (Packed) ×1
Feudal
—
Castle
—
Imperial
—
| APM avg | 24.2 |
| APM peak | 66 |
| eAPM avg | 12.7 |
| Villagers / military | 123 / 132 |
Focus
⚔️ 24.5% · 🌾 75.5%
Magyar Huszar ×69 · Cavalry Archer ×29 · Spearman ×19 · Knight ×9 · Scout Cavalry ×4 · Trebuchet (Packed) ×2
Feudal
11:20
Castle
15:02
Imperial
30:18
| APM avg | 20.6 |
| APM peak | 63 |
| eAPM avg | 16.2 |
| Villagers / military | 158 / 103 |
Focus
⚔️ 24.4% · 🌾 75.6%
Knight ×103
Feudal
8:56
Castle
18:21
Imperial
38:42
| APM avg | 52.6 |
| APM peak | 101 |
| eAPM avg | 22.4 |
| Villagers / military | 100 / 68 |
Focus
⚔️ 19.5% · 🌾 80.5%
Mangudai ×58 · Archer ×6 · Skirmisher ×3 · Mangonel ×1
Feudal
10:09
Castle
18:45
Imperial
35:59
| APM avg | 35.4 |
| APM peak | 73 |
| eAPM avg | 17.6 |
| Villagers / military | 93 / 124 |
Focus
⚔️ 35.0% · 🌾 65.0%
Archer ×83 · Skirmisher ×33 · Spearman ×8
Feudal
10:37
Castle
14:33
Imperial
29:58
| APM avg | 34.7 |
| APM peak | 71 |
| eAPM avg | 18.6 |
| Villagers / military | 143 / 267 |
Focus
⚔️ 27.5% · 🌾 72.5%
Militia ×219 · Spearman ×43 · Trebuchet (Packed) ×5
Feudal
9:19
Castle
19:55
Imperial
38:08
| APM avg | 17.3 |
| APM peak | 69 |
| eAPM avg | 12.0 |
| Villagers / military | 109 / 51 |
Focus
⚔️ 26.5% · 🌾 73.5%
Knight ×32 · Scorpion ×10 · Petard ×5 · Scout Cavalry ×4
Match map
Initial resources + every placement click. Lines = walls · curves = elevation contours. ◆ gold · ⬟ stone · ● berries · ✦ relic · ◌ wall gap
Your base· ✓ Closed at 14:28 · 3t walls · 1 gate(s)
KingDiss's base· ✓ Closed at 17:25 · 0t walls · 1 gate(s)
GRERREIRO TOP's base· ✓ Closed at 19:29 · 10t walls · 2 gate(s)
hurricanehoffmann's base· ✓ Closed at 15:02 · 0t walls · 2 gate(s)
robecha18's base· ✓ Closed at 18:21 · 11t walls · 1 gate(s)
jax0n's base· ✓ Closed at 18:45 · 16t walls · 2 gate(s)
M0rT1nh0's base· ✓ Closed at 14:33 · 12t walls · 1 gate(s)
Almhi's base· ✓ Closed at 19:55 · 4t walls · 2 gate(s)
Smoothed initial terrain · ◌ = detected wall gap · hover for details
Inputs per minute
— gw=ar - - KingDiss
Build order — gw=ar
First 150 of 477 actions detected
| 0:03 | Create | Villager (Male) |
| 0:03 | Create | Villager (Male) |
| 0:04 | Create | Villager (Male) |
| 0:05 | Create | Villager (Male) |
| 0:05 | Create | Villager (Male) |
| 0:07 | Build | House |
| 0:09 | Build | House |
| 1:27 | Create | Villager (Male) |
| 1:27 | Create | Villager (Male) |
| 1:57 | Build | Lumber Camp |
| 2:02 | Create | Villager (Male) |
| 2:03 | Create | Villager (Male) |
| 2:17 | Create | Villager (Male) |
| 2:18 | Create | Villager (Male) |
| 2:52 | Create | Villager (Male) |
| 2:52 | Create | Villager (Male) |
| 3:23 | Create | Villager (Male) |
| 3:23 | Create | Villager (Male) |
| 3:33 | Build | House |
| 3:34 | Build | House |
| 3:52 | Create | Villager (Male) |
| 3:52 | Create | Villager (Male) |
| 4:05 | Create | Villager (Male) |
| 4:06 | Create | Villager (Male) |
| 4:17 | Build | House |
| 4:40 | Build | House |
| 4:46 | Create | Villager (Male) |
| 4:46 | Create | Villager (Male) |
| 4:55 | Create | Villager (Male) |
| 4:55 | Create | Villager (Male) |
| 5:12 | Create | Villager (Male) |
| 5:12 | Create | Villager (Male) |
| 5:39 | Build | House |
| 5:55 | Create | Villager (Male) |
| 5:55 | Create | Villager (Male) |
| 6:10 | Build | Mill |
| 6:56 | Create | Villager (Male) |
| 6:56 | Create | Villager (Male) |
| 7:27 | Build | Mining Camp |
| 8:05 | Research | Feudal Age |
| 9:34 | Build | Palisade Gate |
| 9:40 | Build | Palisade Wall |
| 10:16 | Age | Feudal Age |
| 10:22 | Build | Market |
| 10:24 | Create | Villager (Male) |
| 10:29 | Build | Blacksmith |
| 10:45 | Create | Villager (Male) |
| 11:14 | Create | Villager (Male) |
| 11:48 | Research | Castle Age |
| 11:49 | Research | Castle Age |
| 12:09 | Build | Barracks |
| 12:48 | Research | Double-Bit Axe |
| 12:48 | Research | Double-Bit Axe |
| 12:48 | Research | Double-Bit Axe |
| 13:33 | Build | Stable |
| 13:49 | Build | Palisade Wall |
| 13:51 | Build | Palisade Wall |
| 14:28 | Age | Castle Age |
| 14:32 | Build | Town Center |
| 14:33 | Create | Villager (Male) |
| 14:33 | Create | Villager (Male) |
| 14:46 | Create | Knight |
| 14:46 | Create | Knight |
| 15:02 | Create | Villager (Male) |
| 15:09 | Research | Bow Saw |
| 15:09 | Research | Bow Saw |
| 15:27 | Build | Farm |
| 15:28 | Build | Farm |
| 15:34 | Create | Knight |
| 15:42 | Create | Villager (Male) |
| 15:48 | Create | Villager (Male) |
| 16:13 | Create | Knight |
| 16:21 | Build | Farm |
| 16:23 | Build | Farm |
| 16:24 | Build | Farm |
| 16:27 | Build | Farm |
| 17:01 | Build | Farm |
| 17:02 | Build | Farm |
| 17:04 | Create | Villager (Male) |
| 17:07 | Build | Farm |
| 17:09 | Build | Farm |
| 17:23 | Build | Town Center |
| 17:49 | Create | Villager (Male) |
| 17:49 | Create | Villager (Male) |
| 17:51 | Build | Farm |
| 17:52 | Build | Farm |
| 17:57 | Build | Farm |
| 18:02 | Build | House |
| 18:03 | Build | House |
| 18:04 | Build | House |
| 18:05 | Build | House |
| 18:06 | Build | House |
| 18:08 | Create | Villager (Male) |
| 18:08 | Create | Villager (Male) |
| 18:12 | Build | Farm |
| 18:34 | Create | Villager (Male) |
| 18:34 | Create | Villager (Male) |
| 18:37 | Build | Farm |
| 18:42 | Build | Farm |
| 18:54 | Build | Farm |
| 18:56 | Create | Villager (Male) |
| 18:58 | Create | Villager (Male) |
| 18:58 | Create | Villager (Male) |
| 19:09 | Create | Villager (Male) |
| 19:10 | Create | Villager (Male) |
| 19:19 | Create | Villager (Male) |
| 19:24 | Build | Farm |
| 19:28 | Build | Farm |
| 19:31 | Build | Farm |
| 19:46 | Create | Villager (Male) |
| 19:46 | Create | Villager (Male) |
| 20:06 | Research | Wheelbarrow |
| 20:06 | Research | Wheelbarrow |
| 20:06 | Research | Wheelbarrow |
| 20:21 | Create | Villager (Male) |
| 20:22 | Create | Villager (Male) |
| 20:48 | Create | Villager (Male) |
| 20:48 | Create | Villager (Male) |
| 20:54 | Build | House |
| 20:55 | Build | House |
| 21:02 | Build | Town Center |
| 21:06 | Build | Lumber Camp |
| 21:09 | Build | Farm |
| 21:11 | Create | Villager (Male) |
| 21:11 | Create | Villager (Male) |
| 21:15 | Create | Villager (Male) |
| 21:17 | Create | Villager (Male) |
| 21:17 | Create | Villager (Male) |
| 21:31 | Research | Scale Barding Armor |
| 21:52 | Build | Stable |
| 22:02 | Create | Villager (Male) |
| 22:02 | Create | Villager (Male) |
| 22:08 | Build | Farm |
| 22:09 | Build | Farm |
| 22:23 | Create | Villager (Male) |
| 22:23 | Create | Villager (Male) |
| 22:37 | Research | Hand Cart |
| 22:39 | Create | Villager (Male) |
| 22:39 | Create | Villager (Male) |
| 23:00 | Build | Monastery |
| 23:03 | Create | Villager (Male) |
| 23:03 | Create | Villager (Male) |
| 23:07 | Create | Villager (Male) |
| 23:07 | Create | Villager (Male) |
| 23:15 | Build | Stable |
| 23:22 | Research | Gold Mining |
| 23:23 | Research | Gold Mining |
| 23:23 | Research | Gold Mining |
| 23:24 | Create | Villager (Male) |
| 23:25 | Create | Villager (Male) |
Build order — KingDiss
First 150 of 315 actions detected
| 0:01 | Create | Villager (Male) |
| 0:01 | Create | Villager (Male) |
| 0:01 | Create | Villager (Male) |
| 0:02 | Build | House |
| 0:04 | Build | House |
| 0:15 | Create | Villager (Male) |
| 0:15 | Create | Villager (Male) |
| 1:21 | Create | Villager (Male) |
| 1:21 | Create | Villager (Male) |
| 2:02 | Create | Villager (Male) |
| 2:03 | Create | Villager (Male) |
| 2:58 | Create | Villager (Male) |
| 3:19 | Create | Villager (Male) |
| 3:19 | Create | Villager (Male) |
| 3:40 | Build | House |
| 4:10 | Build | House |
| 4:16 | Create | Villager (Male) |
| 4:16 | Create | Villager (Male) |
| 5:01 | Create | Villager (Male) |
| 5:02 | Create | Villager (Male) |
| 5:04 | Build | House |
| 5:21 | Build | Lumber Camp |
| 5:34 | Build | House |
| 5:56 | Create | Villager (Male) |
| 6:15 | Build | Palisade Gate |
| 6:19 | Create | Villager (Male) |
| 6:28 | Research | Double-Bit Axe |
| 7:01 | Create | Villager (Male) |
| 7:01 | Create | Villager (Male) |
| 7:37 | Build | Mill |
| 7:44 | Create | Villager (Male) |
| 8:00 | Create | Villager (Male) |
| 8:34 | Create | Villager (Male) |
| 8:54 | Create | Villager (Male) |
| 9:33 | Research | Feudal Age |
| 9:43 | Research | Horse Collar |
| 9:50 | Build | Farm |
| 9:50 | Build | Farm |
| 9:51 | Build | Farm |
| 9:51 | Build | Farm |
| 9:51 | Build | Farm |
| 9:52 | Build | Farm |
| 9:52 | Build | Farm |
| 10:10 | Build | Farm |
| 10:16 | Build | Farm |
| 10:30 | Create | Villager (Male) |
| 10:30 | Create | Villager (Male) |
| 11:38 | Create | Villager (Male) |
| 11:43 | Age | Feudal Age |
| 12:08 | Build | Blacksmith |
| 12:17 | Build | Market |
| 12:28 | Create | Villager (Male) |
| 12:35 | Build | Mining Camp |
| 13:25 | Build | Farm |
| 13:26 | Create | Villager (Male) |
| 13:49 | Create | Villager (Male) |
| 13:53 | Build | Farm |
| 14:10 | Research | Heavy Plow |
| 14:18 | Build | Farm |
| 14:20 | Create | Villager (Male) |
| 14:27 | Build | House |
| 14:44 | Research | Castle Age |
| 14:47 | Build | Farm |
| 14:58 | Build | House |
| 15:15 | Research | Scale Barding Armor |
| 15:49 | Build | Barracks |
| 15:57 | Research | Forging |
| 16:06 | Research | Bow Saw |
| 16:48 | Build | Stable |
| 16:54 | Create | Villager (Male) |
| 16:57 | Research | Loom |
| 16:57 | Create | Villager (Male) |
| 16:58 | Create | Villager (Male) |
| 16:58 | Create | Villager (Male) |
| 17:25 | Age | Castle Age |
| 17:47 | Research | Husbandry |
| 18:07 | Build | Town Center |
| 18:14 | Research | Cavalier (upgrade) |
| 18:21 | Create | Villager (Male) |
| 19:01 | Build | Town Center |
| 19:12 | Create | Villager (Male) |
| 19:18 | Create | Knight |
| 19:42 | Create | Villager (Male) |
| 19:42 | Create | Villager (Male) |
| 19:42 | Create | Villager (Male) |
| 19:43 | Create | Villager (Male) |
| 19:45 | Research | Gold Mining |
| 19:49 | Create | Knight |
| 20:15 | Create | Villager (Male) |
| 20:15 | Create | Villager (Male) |
| 20:35 | Create | Knight |
| 20:39 | Create | Villager (Male) |
| 20:53 | Create | Villager (Male) |
| 20:53 | Create | Villager (Male) |
| 20:53 | Create | Villager (Male) |
| 21:01 | Build | Farm |
| 21:02 | Create | Villager (Male) |
| 21:04 | Create | Villager (Male) |
| 21:08 | Create | Knight |
| 21:26 | Build | Farm |
| 21:31 | Build | Monastery |
| 21:36 | Create | Villager (Male) |
| 21:39 | Build | Farm |
| 21:58 | Create | Monk |
| 22:05 | Build | House |
| 22:06 | Build | House |
| 22:07 | Build | House |
| 22:10 | Build | House |
| 22:11 | Build | House |
| 22:13 | Create | Villager (Male) |
| 22:13 | Create | Villager (Male) |
| 22:14 | Create | Villager (Male) |
| 22:26 | Build | Farm |
| 22:27 | Build | Farm |
| 22:33 | Create | Villager (Male) |
| 22:34 | Create | Villager (Male) |
| 22:42 | Build | House |
| 23:04 | Create | Knight |
| 23:05 | Create | Knight |
| 23:07 | Create | Knight |
| 23:11 | Create | Villager (Male) |
| 23:11 | Create | Villager (Male) |
| 23:52 | Research | Wheelbarrow |
| 23:56 | Research | Two-Man Saw |
| 23:58 | Create | Villager (Male) |
| 23:58 | Create | Villager (Male) |
| 23:59 | Create | Villager (Male) |
| 23:59 | Create | Villager (Male) |
| 24:02 | Create | Villager (Male) |
| 24:02 | Create | Villager (Male) |
| 24:07 | Build | Farm |
| 24:11 | Build | Farm |
| 24:28 | Build | House |
| 24:55 | Research | Chain Barding Armor |
| 25:01 | Build | House |
| 25:04 | Build | House |
| 25:09 | Create | Knight |
| 25:17 | Build | Farm |
| 25:25 | Create | Villager (Male) |
| 25:33 | Build | Castle |
| 25:48 | Create | Villager (Male) |
| 25:51 | Research | Gold Shaft Mining |
| 25:56 | Create | Villager (Male) |
| 25:57 | Create | Villager (Male) |
| 26:40 | Build | Farm |
| 26:47 | Research | Burgundian Vineyards |
| 27:01 | Build | Farm |
| 27:02 | Create | Villager (Male) |
| 27:03 | Create | Villager (Male) |
| 27:03 | Create | Villager (Male) |
Build order — GRERREIRO TOP
First 150 of 334 actions detected
| 0:01 | Create | Villager (Male) |
| 0:03 | Build | House |
| 0:04 | Build | House |
| 0:04 | Create | Villager (Male) |
| 0:05 | Create | Villager (Male) |
| 0:11 | Create | Villager (Male) |
| 1:07 | Build | House |
| 1:09 | Build | House |
| 1:32 | Build | Palisade Gate |
| 1:34 | Create | Villager (Male) |
| 1:34 | Create | Villager (Male) |
| 1:41 | Build | Palisade Wall |
| 2:08 | Create | Villager (Male) |
| 2:40 | Create | Villager (Male) |
| 2:51 | Create | Villager (Male) |
| 3:35 | Create | Villager (Male) |
| 3:36 | Create | Villager (Male) |
| 3:36 | Create | Villager (Male) |
| 3:50 | Build | Mill |
| 4:35 | Create | Villager (Male) |
| 4:35 | Create | Villager (Male) |
| 4:35 | Create | Villager (Male) |
| 4:36 | Create | Villager (Male) |
| 5:01 | Research | Loom |
| 5:03 | Create | Villager (Male) |
| 5:03 | Create | Villager (Male) |
| 5:55 | Build | Mining Camp |
| 6:08 | Build | Lumber Camp |
| 6:13 | Create | Villager (Male) |
| 6:36 | Create | Villager (Male) |
| 6:36 | Create | Villager (Male) |
| 6:41 | Create | Villager (Male) |
| 6:47 | Create | Villager (Male) |
| 6:48 | Create | Villager (Male) |
| 8:49 | Build | Mining Camp |
| 9:24 | Research | Feudal Age |
| 9:49 | Build | Mill |
| 10:17 | Create | Villager (Male) |
| 10:17 | Create | Villager (Male) |
| 10:43 | Build | Barracks |
| 11:39 | Create | Villager (Male) |
| 11:39 | Create | Villager (Male) |
| 11:52 | Research | Double-Bit Axe |
| 11:57 | Build | Stable |
| 12:00 | Build | House |
| 12:07 | Create | Spearman |
| 12:15 | Create | Villager (Male) |
| 12:20 | Research | Horse Collar |
| 12:55 | Build | Farm |
| 12:59 | Build | Farm |
| 13:08 | Create | Scout Cavalry |
| 13:16 | Create | Spearman |
| 13:16 | Create | Spearman |
| 13:26 | Build | Gate |
| 13:31 | Build | House |
| 13:44 | Create | Spearman |
| 13:45 | Create | Villager (Male) |
| 13:50 | Build | Farm |
| 13:57 | Create | Villager (Male) |
| 14:12 | Build | House |
| 14:24 | Build | Farm |
| 14:28 | Build | Farm |
| 14:40 | Create | Villager (Male) |
| 14:43 | Build | Farm |
| 14:46 | Create | Villager (Male) |
| 14:46 | Create | Villager (Male) |
| 15:09 | Create | Villager (Male) |
| 15:22 | Create | Villager (Male) |
| 15:22 | Create | Villager (Male) |
| 15:30 | Build | Farm |
| 15:31 | Build | Farm |
| 15:42 | Build | Farm |
| 15:49 | Build | House |
| 15:50 | Build | House |
| 16:06 | Create | Scout Cavalry |
| 16:11 | Build | Farm |
| 16:13 | Build | Farm |
| 16:34 | Create | Scout Cavalry |
| 16:56 | Create | Villager (Male) |
| 16:59 | Build | Farm |
| 17:00 | Build | Farm |
| 17:03 | Build | Farm |
| 17:09 | Create | Villager (Male) |
| 17:09 | Create | Villager (Male) |
| 17:47 | Create | Villager (Male) |
| 17:56 | Create | Villager (Male) |
| 18:11 | Build | Farm |
| 18:13 | Build | Farm |
| 18:29 | Create | Villager (Male) |
| 18:35 | Build | Blacksmith |
| 18:37 | Create | Villager (Male) |
| 18:56 | Build | Lumber Camp |
| 19:03 | Build | House |
| 19:04 | Build | House |
| 19:11 | Research | Bloodlines |
| 19:29 | Research | Castle Age |
| 19:34 | Create | Scout Cavalry |
| 19:38 | Create | Spearman |
| 19:38 | Create | Spearman |
| 19:45 | Research | Scale Barding Armor |
| 20:14 | Build | Palisade Gate |
| 20:16 | Build | House |
| 20:17 | Build | House |
| 20:31 | Research | Bloodlines |
| 21:22 | Build | Outpost |
| 21:47 | Create | Villager (Male) |
| 21:47 | Create | Villager (Male) |
| 22:11 | Build | Town Center |
| 22:21 | Create | Knight |
| 22:21 | Create | Knight |
| 22:34 | Build | Town Center |
| 22:38 | Create | Villager (Male) |
| 22:42 | Research | Town Watch |
| 22:43 | Research | Wheelbarrow |
| 22:43 | Research | Wheelbarrow |
| 23:02 | Create | Spearman |
| 23:14 | Build | House |
| 23:16 | Build | House |
| 23:21 | Build | Outpost |
| 23:25 | Create | Knight |
| 23:27 | Create | Villager (Male) |
| 23:28 | Create | Villager (Male) |
| 23:30 | Research | Gold Mining |
| 23:52 | Build | Farm |
| 23:53 | Build | Farm |
| 23:54 | Build | Farm |
| 24:04 | Create | Villager (Male) |
| 24:04 | Create | Villager (Male) |
| 24:04 | Create | Villager (Male) |
| 24:18 | Create | Villager (Male) |
| 24:29 | Create | Knight |
| 24:49 | Create | Villager (Male) |
| 24:50 | Create | Villager (Male) |
| 24:50 | Create | Villager (Male) |
| 25:21 | Research | Pikeman (upgrade) |
| 25:43 | Create | Villager (Male) |
| 25:43 | Create | Villager (Male) |
| 25:43 | Create | Villager (Male) |
| 25:59 | Research | Scale Mail Armor |
| 26:39 | Create | Spearman |
| 26:39 | Create | Spearman |
| 26:39 | Create | Spearman |
| 26:40 | Create | Spearman |
| 26:42 | Build | Barracks |
| 26:49 | Build | Barracks |
| 27:04 | Research | Chain Mail Armor |
| 27:18 | Create | Villager (Male) |
| 27:18 | Create | Villager (Male) |
| 27:27 | Build | Farm |
| 27:29 | Build | Farm |
Build order — hurricanehoffmann
First 150 of 404 actions detected
| 0:01 | Create | Villager (Male) |
| 0:02 | Create | Villager (Male) |
| 0:02 | Create | Villager (Male) |
| 0:02 | Create | Villager (Male) |
| 0:02 | Create | Villager (Male) |
| 0:04 | Build | House |
| 0:06 | Build | House |
| 1:33 | Create | Villager (Male) |
| 1:33 | Create | Villager (Male) |
| 1:33 | Create | Villager (Male) |
| 1:49 | Build | Lumber Camp |
| 2:01 | Create | Villager (Male) |
| 2:01 | Create | Villager (Male) |
| 2:02 | Create | Villager (Male) |
| 2:38 | Create | Villager (Male) |
| 2:39 | Create | Villager (Male) |
| 2:57 | Create | Villager (Male) |
| 2:57 | Create | Villager (Male) |
| 2:57 | Create | Villager (Male) |
| 3:44 | Create | Villager (Male) |
| 3:45 | Create | Villager (Male) |
| 3:45 | Create | Villager (Male) |
| 3:45 | Create | Villager (Male) |
| 4:16 | Build | House |
| 4:30 | Create | Villager (Male) |
| 4:30 | Create | Villager (Male) |
| 4:31 | Create | Villager (Male) |
| 5:06 | Create | Villager (Male) |
| 5:06 | Create | Villager (Male) |
| 5:11 | Build | House |
| 5:40 | Create | Villager (Male) |
| 5:41 | Create | Villager (Male) |
| 5:51 | Build | Palisade Gate |
| 5:55 | Build | House |
| 6:22 | Build | Mill |
| 6:38 | Create | Villager (Male) |
| 6:39 | Create | Villager (Male) |
| 6:58 | Create | Villager (Male) |
| 7:38 | Create | Villager (Male) |
| 7:38 | Create | Villager (Male) |
| 8:36 | Create | Villager (Male) |
| 8:42 | Research | Feudal Age |
| 8:56 | Build | Mining Camp |
| 9:52 | Create | Villager (Male) |
| 9:52 | Create | Villager (Male) |
| 11:20 | Age | Feudal Age |
| 11:29 | Build | Market |
| 11:34 | Build | Blacksmith |
| 12:22 | Research | Castle Age |
| 12:32 | Build | Palisade Gate |
| 12:57 | Research | Double-Bit Axe |
| 13:07 | Build | Farm |
| 13:10 | Build | Farm |
| 13:14 | Build | Farm |
| 13:20 | Build | House |
| 13:28 | Build | Farm |
| 13:34 | Build | Farm |
| 13:48 | Build | Farm |
| 13:56 | Build | House |
| 14:39 | Build | Farm |
| 15:02 | Age | Castle Age |
| 15:09 | Create | Villager (Male) |
| 15:10 | Create | Villager (Male) |
| 15:16 | Build | Town Center |
| 15:26 | Build | Town Center |
| 15:36 | Create | Villager (Male) |
| 15:37 | Create | Villager (Male) |
| 15:37 | Create | Villager (Male) |
| 15:43 | Build | Farm |
| 15:49 | Build | Farm |
| 15:53 | Build | Farm |
| 16:10 | Build | Palisade Gate |
| 16:26 | Research | Bow Saw |
| 16:35 | Build | Farm |
| 16:39 | Build | Farm |
| 16:46 | Build | Farm |
| 16:50 | Create | Villager (Male) |
| 17:05 | Build | Farm |
| 17:09 | Build | Farm |
| 17:11 | Create | Villager (Male) |
| 17:11 | Create | Villager (Male) |
| 17:12 | Create | Villager (Male) |
| 17:12 | Create | Villager (Male) |
| 17:30 | Build | Farm |
| 17:44 | Create | Villager (Male) |
| 17:45 | Create | Villager (Male) |
| 17:45 | Create | Villager (Male) |
| 17:45 | Create | Villager (Male) |
| 17:45 | Create | Villager (Male) |
| 17:47 | Create | Villager (Male) |
| 17:47 | Create | Villager (Male) |
| 17:47 | Create | Villager (Male) |
| 17:54 | Build | Farm |
| 17:57 | Build | Farm |
| 18:00 | Build | Farm |
| 18:05 | Build | Farm |
| 18:13 | Create | Villager (Male) |
| 18:13 | Create | Villager (Male) |
| 18:13 | Create | Villager (Male) |
| 18:14 | Create | Villager (Male) |
| 18:25 | Build | Mining Camp |
| 18:38 | Create | Villager (Male) |
| 18:38 | Create | Villager (Male) |
| 18:39 | Create | Villager (Male) |
| 18:39 | Create | Villager (Male) |
| 18:39 | Create | Villager (Male) |
| 19:08 | Build | Barracks |
| 19:18 | Create | Villager (Male) |
| 19:18 | Create | Villager (Male) |
| 19:18 | Create | Villager (Male) |
| 19:18 | Create | Villager (Male) |
| 19:19 | Create | Villager (Male) |
| 19:19 | Create | Villager (Male) |
| 19:19 | Create | Villager (Male) |
| 19:27 | Build | Farm |
| 19:39 | Research | Fletching |
| 19:57 | Build | Gate |
| 20:03 | Build | House |
| 20:08 | Build | House |
| 20:21 | Research | Bodkin Arrow |
| 20:36 | Create | Villager (Male) |
| 20:36 | Create | Villager (Male) |
| 20:36 | Create | Villager (Male) |
| 20:36 | Create | Villager (Male) |
| 20:37 | Create | Villager (Male) |
| 20:37 | Create | Villager (Male) |
| 21:11 | Create | Villager (Male) |
| 21:11 | Create | Villager (Male) |
| 21:12 | Create | Villager (Male) |
| 21:12 | Create | Villager (Male) |
| 21:34 | Create | Villager (Male) |
| 21:34 | Create | Villager (Male) |
| 21:34 | Create | Villager (Male) |
| 21:35 | Create | Villager (Male) |
| 21:35 | Create | Villager (Male) |
| 21:38 | Research | Loom |
| 21:48 | Build | Lumber Camp |
| 21:53 | Create | Villager (Male) |
| 21:53 | Create | Villager (Male) |
| 21:53 | Create | Villager (Male) |
| 21:54 | Create | Villager (Male) |
| 22:15 | Build | Farm |
| 22:25 | Build | Farm |
| 22:32 | Build | House |
| 22:37 | Create | Villager (Male) |
| 22:37 | Create | Villager (Male) |
| 22:37 | Create | Villager (Male) |
| 22:37 | Create | Villager (Male) |
| 22:38 | Create | Villager (Male) |
| 22:46 | Research | Wheelbarrow |
Build order — robecha18
First 150 of 262 actions detected
| 0:06 | Create | Villager (Male) |
| 0:06 | Create | Villager (Male) |
| 0:07 | Create | Villager (Male) |
| 0:08 | Build | House |
| 0:09 | Build | House |
| 0:26 | Create | Villager (Male) |
| 1:28 | Create | Villager (Male) |
| 1:40 | Create | Villager (Male) |
| 1:53 | Build | Lumber Camp |
| 1:59 | Create | Villager (Male) |
| 2:29 | Create | Villager (Male) |
| 2:44 | Create | Villager (Male) |
| 2:57 | Create | Villager (Male) |
| 3:47 | Create | Villager (Male) |
| 3:47 | Create | Villager (Male) |
| 3:54 | Build | House |
| 3:55 | Build | House |
| 4:05 | Create | Villager (Male) |
| 4:31 | Build | Mill |
| 4:31 | Create | Villager (Male) |
| 5:09 | Build | Palisade Wall |
| 5:23 | Create | Villager (Male) |
| 5:27 | Create | Villager (Male) |
| 5:43 | Create | Villager (Male) |
| 6:03 | Research | Loom |
| 6:18 | Build | House |
| 6:38 | Create | Villager (Male) |
| 6:42 | Research | Feudal Age |
| 7:04 | Build | Palisade Wall |
| 7:08 | Create | Villager (Male) |
| 7:37 | Build | Mill |
| 8:32 | Build | Palisade Gate |
| 8:49 | Create | Villager (Male) |
| 8:56 | Age | Feudal Age |
| 9:12 | Build | Barracks |
| 9:16 | Research | Double-Bit Axe |
| 9:19 | Create | Villager (Male) |
| 9:51 | Create | Villager (Male) |
| 9:52 | Create | Villager (Male) |
| 10:08 | Create | Villager (Male) |
| 10:16 | Build | Archery Range |
| 10:40 | Create | Villager (Male) |
| 10:50 | Build | Mining Camp |
| 11:12 | Create | Villager (Male) |
| 11:15 | Create | Archer |
| 11:21 | Create | Skirmisher |
| 11:36 | Create | Villager (Male) |
| 11:48 | Create | Archer |
| 12:02 | Build | Blacksmith |
| 12:08 | Create | Villager (Male) |
| 12:20 | Build | House |
| 12:58 | Create | Archer |
| 13:22 | Create | Villager (Male) |
| 13:26 | Build | House |
| 13:35 | Build | Archery Range |
| 13:38 | Research | Fletching |
| 13:46 | Create | Villager (Male) |
| 14:03 | Create | Villager (Male) |
| 14:05 | Create | Villager (Male) |
| 14:18 | Create | Villager (Male) |
| 14:22 | Build | Mining Camp |
| 15:05 | Create | Archer |
| 15:14 | Build | Mill |
| 15:29 | Build | House |
| 15:32 | Build | House |
| 15:37 | Create | Villager (Male) |
| 15:41 | Research | Castle Age |
| 16:21 | Research | Gold Mining |
| 16:23 | Create | Villager (Male) |
| 16:26 | Create | Villager (Male) |
| 16:31 | Create | Archer |
| 16:52 | Research | Stone Mining |
| 16:59 | Create | Archer |
| 17:04 | Create | Skirmisher |
| 17:05 | Create | Skirmisher |
| 17:45 | Research | Padded Archer Armor |
| 18:14 | Create | Villager (Male) |
| 18:21 | Age | Castle Age |
| 18:25 | Build | Town Center |
| 19:14 | Create | Villager (Male) |
| 19:17 | Create | Villager (Male) |
| 19:29 | Build | Farm |
| 19:32 | Build | Farm |
| 19:37 | Create | Villager (Male) |
| 19:37 | Create | Villager (Male) |
| 19:40 | Build | Farm |
| 19:42 | Build | Farm |
| 19:45 | Build | Farm |
| 19:48 | Build | Farm |
| 20:21 | Build | Farm |
| 20:22 | Build | Farm |
| 20:24 | Build | Farm |
| 20:29 | Build | Castle |
| 21:00 | Create | Villager (Male) |
| 21:03 | Create | Villager (Male) |
| 21:09 | Create | Villager (Male) |
| 21:29 | Create | Villager (Male) |
| 21:31 | Build | Farm |
| 21:40 | Create | Villager (Male) |
| 21:51 | Research | Horse Collar |
| 21:54 | Build | Farm |
| 21:58 | Build | Farm |
| 22:01 | Build | Farm |
| 22:03 | Build | Farm |
| 22:10 | Create | Mangudai |
| 22:10 | Create | Mangudai |
| 22:11 | Create | Mangudai |
| 22:13 | Create | Villager (Male) |
| 22:16 | Build | Farm |
| 22:19 | Create | Villager (Male) |
| 22:26 | Create | Mangudai |
| 22:36 | Create | Villager (Male) |
| 22:41 | Create | Villager (Male) |
| 22:44 | Create | Mangudai |
| 22:49 | Build | Farm |
| 22:51 | Create | Villager (Male) |
| 22:57 | Create | Villager (Male) |
| 23:12 | Build | Lumber Camp |
| 23:16 | Create | Villager (Male) ×2 |
| 23:20 | Create | Mangudai |
| 23:25 | Build | Farm |
| 23:32 | Build | Stable |
| 23:35 | Create | Villager (Male) |
| 23:36 | Create | Villager (Male) |
| 23:44 | Create | Villager (Male) |
| 23:57 | Build | Farm |
| 23:59 | Create | Villager (Male) |
| 24:05 | Create | Mangudai |
| 24:14 | Create | Mangudai |
| 24:17 | Create | Villager (Male) |
| 24:20 | Build | Farm |
| 24:30 | Create | Villager (Male) |
| 24:33 | Build | Farm |
| 24:39 | Research | Bow Saw |
| 24:45 | Build | Farm |
| 24:48 | Create | Villager (Male) |
| 24:52 | Create | Mangudai |
| 25:02 | Create | Villager (Male) |
| 25:05 | Build | Farm |
| 25:07 | Create | Villager (Male) |
| 25:11 | Create | Mangudai |
| 25:15 | Create | Mangudai |
| 25:27 | Create | Villager (Male) ×3 |
| 25:38 | Build | Lumber Camp |
| 25:40 | Create | Villager (Male) |
| 25:46 | Create | Mangudai |
| 25:46 | Create | Mangudai |
| 25:56 | Build | Farm |
| 26:08 | Research | Bodkin Arrow |
| 26:16 | Create | Villager (Male) |
Build order — jax0n
First 150 of 346 actions detected
| 0:02 | Build | House |
| 0:04 | Build | House |
| 0:05 | Create | Villager (Male) |
| 0:05 | Create | Villager (Male) |
| 0:28 | Create | Villager (Male) |
| 0:28 | Create | Villager (Male) |
| 1:35 | Create | Villager (Male) |
| 1:55 | Build | Lumber Camp |
| 2:29 | Create | Villager (Male) |
| 2:31 | Create | Villager (Male) |
| 3:17 | Create | Villager (Male) |
| 3:17 | Create | Villager (Male) |
| 3:18 | Create | Villager (Male) |
| 3:52 | Create | Villager (Male) |
| 3:53 | Create | Villager (Male) |
| 4:09 | Build | House |
| 4:25 | Create | Villager (Male) |
| 4:25 | Create | Villager (Male) |
| 5:18 | Create | Villager (Male) |
| 5:30 | Build | Palisade Wall |
| 5:46 | Create | Villager (Male) |
| 5:55 | Create | Villager (Male) |
| 6:10 | Build | Mill |
| 6:31 | Build | Palisade Gate |
| 6:35 | Build | Palisade Wall |
| 6:53 | Create | Villager (Male) |
| 6:54 | Research | Loom |
| 7:59 | Research | Feudal Age |
| 8:00 | Research | Feudal Age |
| 8:11 | Build | Barracks |
| 8:37 | Create | Villager (Male) |
| 8:38 | Create | Villager (Male) |
| 8:43 | Build | House |
| 9:40 | Build | House |
| 10:09 | Age | Feudal Age |
| 10:17 | Build | Gate |
| 10:25 | Build | Stone Wall |
| 10:41 | Build | Mining Camp |
| 10:43 | Create | Villager (Male) |
| 11:34 | Build | Archery Range |
| 11:50 | Build | Gate |
| 11:55 | Build | Stone Wall |
| 11:58 | Create | Villager (Male) |
| 11:58 | Create | Villager (Male) |
| 12:05 | Research | Double-Bit Axe |
| 12:07 | Research | Horse Collar |
| 12:20 | Build | Farm |
| 12:25 | Build | Farm |
| 12:36 | Create | Villager (Male) |
| 12:48 | Create | Archer |
| 12:51 | Build | Farm |
| 12:53 | Create | Villager (Male) |
| 13:03 | Build | House |
| 13:15 | Build | Farm |
| 13:39 | Create | Villager (Male) |
| 13:40 | Build | Farm |
| 13:54 | Build | House |
| 13:59 | Create | Villager (Male) |
| 14:14 | Build | Farm |
| 14:29 | Build | Blacksmith |
| 14:44 | Build | Farm |
| 14:53 | Create | Villager (Male) |
| 15:16 | Create | Archer |
| 15:22 | Build | House |
| 15:23 | Build | House |
| 15:27 | Build | Farm |
| 15:29 | Create | Villager (Male) |
| 15:57 | Build | Farm |
| 16:05 | Research | Castle Age |
| 16:31 | Build | Archery Range |
| 16:39 | Research | Fletching |
| 17:03 | Create | Archer |
| 17:06 | Research | Padded Archer Armor |
| 17:25 | Build | Farm |
| 17:31 | Create | Archer |
| 17:31 | Create | Archer |
| 17:32 | Create | Archer |
| 17:38 | Build | Farm |
| 18:40 | Create | Villager (Male) |
| 18:40 | Create | Villager (Male) |
| 18:45 | Age | Castle Age |
| 18:48 | Build | Town Center |
| 18:52 | Research | Crossbowman (upgrade) |
| 18:54 | Research | Bodkin Arrow |
| 18:58 | Create | Archer |
| 18:59 | Create | Archer |
| 19:22 | Build | Farm |
| 19:43 | Create | Villager (Male) |
| 19:43 | Create | Villager (Male) |
| 19:43 | Create | Villager (Male) |
| 20:10 | Research | Leather Archer Armor |
| 20:19 | Create | Villager (Male) |
| 20:46 | Build | Farm |
| 20:49 | Create | Villager (Male) |
| 20:49 | Create | Villager (Male) |
| 21:23 | Build | Farm |
| 21:23 | Build | Farm |
| 21:25 | Create | Villager (Male) |
| 21:25 | Create | Villager (Male) |
| 21:29 | Build | Farm |
| 21:31 | Create | Villager (Male) |
| 21:32 | Create | Villager (Male) |
| 21:53 | Build | Outpost |
| 21:56 | Create | Villager (Male) |
| 21:56 | Create | Villager (Male) |
| 22:00 | Build | Farm |
| 22:10 | Create | Archer |
| 22:11 | Create | Archer |
| 22:11 | Create | Archer |
| 22:21 | Build | Farm |
| 22:24 | Build | Farm |
| 22:26 | Create | Villager (Male) |
| 22:32 | Create | Archer |
| 22:32 | Create | Archer |
| 22:38 | Research | Stone Mining |
| 22:44 | Research | Gold Mining |
| 22:49 | Build | Farm |
| 22:49 | Build | Farm |
| 22:57 | Build | Farm |
| 23:01 | Build | Farm |
| 23:05 | Create | Villager (Male) |
| 23:05 | Create | Villager (Male) |
| 23:05 | Create | Villager (Male) |
| 23:06 | Create | Villager (Male) |
| 23:09 | Build | House |
| 23:09 | Build | House |
| 23:11 | Build | House |
| 23:11 | Build | House |
| 23:41 | Build | Outpost |
| 23:45 | Create | Villager (Male) |
| 23:45 | Create | Villager (Male) |
| 23:50 | Create | Archer |
| 23:50 | Create | Archer |
| 23:58 | Create | Archer |
| 23:58 | Create | Archer |
| 24:08 | Build | House |
| 24:09 | Build | House |
| 24:11 | Build | House |
| 24:11 | Build | House |
| 24:19 | Create | Villager (Male) |
| 24:19 | Create | Villager (Male) |
| 24:43 | Build | Outpost |
| 24:48 | Research | Town Watch |
| 24:50 | Research | Bow Saw |
| 24:53 | Create | Villager (Male) |
| 24:54 | Create | Villager (Male) |
| 24:54 | Create | Villager (Male) |
| 24:57 | Create | Archer |
| 24:57 | Create | Archer |
| 25:17 | Create | Villager (Male) |
Build order — M0rT1nh0
First 150 of 384 actions detected
| 0:01 | Create | Villager (Male) |
| 0:02 | Create | Villager (Male) |
| 0:03 | Build | House |
| 0:05 | Build | House |
| 0:24 | Create | Villager (Male) |
| 0:24 | Create | Villager (Male) |
| 0:24 | Create | Villager (Male) |
| 1:37 | Create | Villager (Male) |
| 1:37 | Create | Villager (Male) |
| 1:59 | Build | Lumber Camp |
| 2:00 | Create | Villager (Male) |
| 2:00 | Create | Villager (Male) |
| 2:12 | Create | Villager (Male) |
| 2:12 | Create | Villager (Male) |
| 2:46 | Create | Villager (Male) |
| 2:46 | Create | Villager (Male) |
| 3:19 | Build | House |
| 3:25 | Create | Villager (Male) |
| 3:25 | Create | Villager (Male) |
| 3:38 | Create | Villager (Male) |
| 3:54 | Create | Villager (Male) |
| 3:54 | Create | Villager (Male) |
| 4:05 | Build | House |
| 4:11 | Create | Villager (Male) |
| 4:32 | Build | Palisade Wall |
| 4:46 | Create | Villager (Male) |
| 4:47 | Create | Villager (Male) |
| 4:51 | Build | Mill |
| 5:27 | Create | Villager (Male) |
| 5:28 | Create | Villager (Male) |
| 5:28 | Create | Villager (Male) |
| 5:38 | Build | Palisade Gate |
| 6:07 | Create | Villager (Male) |
| 6:08 | Create | Villager (Male) |
| 7:05 | Create | Villager (Male) |
| 7:37 | Create | Villager (Male) |
| 7:40 | Build | Mining Camp |
| 7:46 | Create | Villager (Male) |
| 8:13 | Research | Feudal Age |
| 8:58 | Build | House |
| 9:09 | Build | Farm |
| 9:12 | Build | Farm |
| 9:26 | Create | Villager (Male) |
| 9:27 | Create | Villager (Male) |
| 10:37 | Age | Feudal Age |
| 10:39 | Build | Market |
| 10:43 | Build | Blacksmith |
| 10:58 | Build | Farm |
| 11:53 | Research | Castle Age |
| 12:33 | Research | Double-Bit Axe |
| 13:04 | Research | Horse Collar |
| 13:34 | Build | Farm |
| 13:36 | Build | Farm |
| 13:40 | Build | Farm |
| 13:51 | Build | House |
| 14:03 | Build | House |
| 14:08 | Build | House |
| 14:14 | Build | House |
| 14:23 | Create | Villager (Male) |
| 14:23 | Create | Villager (Male) |
| 14:26 | Build | Farm |
| 14:33 | Age | Castle Age |
| 14:37 | Build | Town Center |
| 14:38 | Create | Villager (Male) |
| 14:46 | Create | Villager (Male) |
| 15:00 | Build | Farm |
| 15:09 | Research | Bow Saw |
| 15:26 | Build | Farm |
| 15:28 | Create | Villager (Male) |
| 15:33 | Build | Farm |
| 15:50 | Build | Farm |
| 15:52 | Build | Farm |
| 15:54 | Research | Heavy Plow |
| 15:56 | Create | Villager (Male) |
| 16:14 | Build | Farm |
| 16:15 | Create | Villager (Male) |
| 16:27 | Create | Villager (Male) |
| 16:30 | Build | Farm |
| 16:38 | Create | Villager (Male) |
| 16:42 | Build | Farm |
| 16:52 | Build | Farm |
| 16:53 | Create | Villager (Male) |
| 17:06 | Build | Farm |
| 17:07 | Create | Villager (Male) |
| 17:13 | Build | Farm |
| 17:17 | Create | Villager (Male) |
| 17:17 | Create | Villager (Male) |
| 17:28 | Create | Villager (Male) |
| 17:33 | Build | Farm |
| 17:44 | Build | Farm |
| 17:45 | Create | Villager (Male) |
| 17:50 | Build | Farm |
| 17:50 | Create | Villager (Male) |
| 17:54 | Create | Villager (Male) |
| 17:57 | Build | Farm |
| 18:10 | Create | Villager (Male) |
| 18:13 | Create | Villager (Male) |
| 18:20 | Create | Villager (Male) |
| 18:27 | Create | Villager (Male) |
| 18:33 | Create | Villager (Male) |
| 18:37 | Create | Villager (Male) |
| 18:43 | Create | Villager (Male) |
| 18:54 | Build | Town Center |
| 18:55 | Create | Villager (Male) |
| 19:04 | Create | Villager (Male) |
| 19:04 | Create | Villager (Male) |
| 19:11 | Create | Villager (Male) |
| 19:15 | Create | Villager (Male) |
| 19:26 | Create | Villager (Male) |
| 19:26 | Create | Villager (Male) |
| 19:31 | Create | Villager (Male) |
| 19:31 | Create | Villager (Male) |
| 19:38 | Research | Loom |
| 19:39 | Create | Villager (Male) |
| 19:39 | Create | Villager (Male) |
| 19:47 | Create | Villager (Male) |
| 19:50 | Create | Villager (Male) |
| 19:53 | Build | Lumber Camp |
| 19:55 | Create | Villager (Male) |
| 20:01 | Create | Villager (Male) |
| 20:07 | Create | Villager (Male) |
| 20:07 | Create | Villager (Male) |
| 20:22 | Create | Villager (Male) |
| 20:22 | Create | Villager (Male) |
| 20:54 | Build | Town Center |
| 20:55 | Create | Villager (Male) |
| 21:07 | Build | House |
| 21:10 | Build | House |
| 21:14 | Research | Wheelbarrow |
| 21:27 | Build | House |
| 21:27 | Build | House |
| 21:27 | Build | House |
| 21:28 | Build | House |
| 21:28 | Build | House |
| 21:28 | Build | House |
| 21:32 | Create | Villager (Male) |
| 21:46 | Create | Villager (Male) |
| 21:46 | Create | Villager (Male) |
| 22:00 | Create | Villager (Male) |
| 22:00 | Create | Villager (Male) |
| 22:03 | Build | Mining Camp |
| 22:07 | Research | Gold Mining |
| 22:07 | Research | Stone Mining |
| 22:10 | Create | Villager (Male) |
| 22:11 | Create | Villager (Male) |
| 22:16 | Create | Villager (Male) |
| 22:16 | Create | Villager (Male) |
| 22:41 | Build | Barracks |
| 22:43 | Build | Barracks |
| 22:43 | Build | Barracks |
Build order — Almhi
First 150 of 273 actions detected
| 0:02 | Create | Villager (Male) |
| 0:02 | Create | Villager (Male) |
| 0:02 | Create | Villager (Male) |
| 0:02 | Create | Villager (Male) |
| 0:04 | Build | House |
| 0:08 | Build | House |
| 1:21 | Create | Villager (Male) |
| 1:21 | Create | Villager (Male) |
| 1:39 | Build | Lumber Camp |
| 2:04 | Create | Villager (Male) |
| 2:36 | Create | Villager (Male) |
| 2:36 | Create | Villager (Male) |
| 2:52 | Create | Villager (Male) |
| 2:52 | Create | Villager (Male) |
| 3:16 | Create | Villager (Male) |
| 3:31 | Build | House |
| 3:35 | Build | House |
| 4:06 | Create | Villager (Male) |
| 4:06 | Create | Villager (Male) |
| 4:06 | Create | Villager (Male) |
| 4:09 | Build | Mill |
| 4:58 | Create | Villager (Male) |
| 4:59 | Create | Villager (Male) |
| 5:08 | Build | Palisade Gate |
| 5:18 | Build | House |
| 5:25 | Build | Palisade Wall |
| 5:49 | Create | Villager (Male) |
| 7:15 | Research | Feudal Age |
| 7:20 | Build | Barracks |
| 9:19 | Age | Feudal Age |
| 9:29 | Build | Stable |
| 9:36 | Create | Villager (Male) |
| 9:37 | Create | Villager (Male) |
| 9:38 | Create | Villager (Male) |
| 9:38 | Create | Villager (Male) |
| 9:38 | Create | Villager (Male) |
| 10:27 | Create | Scout Cavalry |
| 10:27 | Create | Scout Cavalry |
| 10:28 | Create | Scout Cavalry |
| 10:29 | Create | Scout Cavalry |
| 10:33 | Research | Bloodlines |
| 10:39 | Create | Villager (Male) |
| 12:01 | Create | Villager (Male) |
| 12:01 | Create | Villager (Male) |
| 12:02 | Create | Villager (Male) |
| 12:19 | Build | House |
| 12:23 | Build | Farm |
| 12:23 | Build | Farm |
| 12:24 | Build | Farm |
| 12:24 | Build | Farm |
| 12:24 | Build | Farm |
| 12:24 | Build | Farm |
| 12:26 | Create | Villager (Male) |
| 12:26 | Create | Villager (Male) |
| 12:27 | Create | Villager (Male) |
| 12:29 | Build | House |
| 13:02 | Build | Blacksmith |
| 13:35 | Create | Villager (Male) |
| 13:36 | Create | Villager (Male) |
| 14:21 | Build | Market |
| 14:23 | Create | Villager (Male) |
| 14:23 | Create | Villager (Male) |
| 14:26 | Build | Farm |
| 14:26 | Build | Farm |
| 14:26 | Build | Farm |
| 14:27 | Build | Farm |
| 14:27 | Build | Farm |
| 14:27 | Build | Farm |
| 14:52 | Build | Mining Camp |
| 15:16 | Build | House |
| 15:43 | Research | Wheelbarrow |
| 16:08 | Build | Gate |
| 16:53 | Build | Farm |
| 16:54 | Build | Farm |
| 17:29 | Research | Castle Age |
| 17:32 | Build | House |
| 17:44 | Research | Double-Bit Axe |
| 18:34 | Research | Horse Collar |
| 18:46 | Research | Gold Mining |
| 19:11 | Build | Lumber Camp |
| 19:43 | Create | Villager (Male) |
| 19:43 | Create | Villager (Male) |
| 19:43 | Create | Villager (Male) |
| 19:44 | Create | Villager (Male) |
| 19:45 | Create | Villager (Male) |
| 19:55 | Age | Castle Age |
| 19:57 | Create | Knight |
| 20:28 | Build | Town Center |
| 20:32 | Create | Villager (Male) |
| 20:35 | Create | Knight |
| 20:41 | Create | Knight |
| 21:02 | Create | Knight |
| 21:16 | Create | Knight |
| 21:32 | Create | Villager (Male) |
| 21:32 | Create | Villager (Male) |
| 21:43 | Create | Villager (Male) |
| 21:43 | Create | Villager (Male) |
| 22:09 | Create | Villager (Male) |
| 22:10 | Create | Villager (Male) |
| 22:18 | Build | Stable |
| 22:22 | Create | Villager (Male) |
| 22:29 | Create | Villager (Male) |
| 22:41 | Build | Town Center |
| 22:53 | Create | Knight |
| 23:02 | Create | Knight |
| 23:25 | Create | Villager (Male) |
| 23:26 | Create | Villager (Male) |
| 23:31 | Build | House |
| 23:31 | Build | House |
| 23:33 | Build | House |
| 23:42 | Create | Knight |
| 23:42 | Create | Knight |
| 23:57 | Build | Farm |
| 23:57 | Build | Farm |
| 23:57 | Build | Farm |
| 23:57 | Build | Farm |
| 23:58 | Build | Farm |
| 23:58 | Build | Farm |
| 24:00 | Create | Villager (Male) |
| 24:00 | Create | Villager (Male) |
| 24:01 | Create | Villager (Male) |
| 24:01 | Create | Villager (Male) |
| 24:38 | Research | Stone Mining |
| 24:43 | Create | Villager (Male) |
| 25:16 | Research | Forging |
| 25:28 | Build | Farm |
| 25:29 | Create | Villager (Male) |
| 25:33 | Build | Farm |
| 25:33 | Build | Farm |
| 25:35 | Build | Farm |
| 25:36 | Build | Farm |
| 25:36 | Build | Farm |
| 25:36 | Build | Farm |
| 25:36 | Build | Farm |
| 25:37 | Build | Farm |
| 25:37 | Build | Farm |
| 25:37 | Build | Farm |
| 25:38 | Create | Villager (Male) |
| 25:59 | Research | Scale Barding Armor |
| 26:36 | Create | Villager (Male) |
| 26:36 | Create | Villager (Male) |
| 26:36 | Create | Villager (Male) |
| 26:36 | Create | Villager (Male) |
| 26:44 | Create | Villager (Male) |
| 27:08 | Create | Knight |
| 27:09 | Create | Knight |
| 27:09 | Create | Knight |
| 27:09 | Create | Knight |
| 27:09 | Create | Knight |
| 27:30 | Create | Villager (Male) |
Match timeline
| 1:41 | GRERREIRO TOP · wall_segment Palisade Wall x10 |
| 4:32 | M0rT1nh0 · wall_segment Palisade Wall x12 |
| 5:09 | robecha18 · wall_segment Palisade Wall x6 |
| 5:25 | Almhi · wall_segment Palisade Wall x4 |
| 5:30 | jax0n · wall_segment Palisade Wall x5 |
| 6:35 | jax0n · wall_segment Palisade Wall x5 |
| 7:04 | robecha18 · wall_segment Palisade Wall x5 |
| 7:20 | Almhi · first_building Barracks |
| 8:11 | jax0n · first_building Barracks |
| 8:56 | robecha18 · age_up feudal |
| 9:12 | robecha18 · first_building Barracks |
| 9:19 | Almhi · age_up feudal |
| 9:29 | Almhi · first_building Stable |
| 9:40 | gw=ar · wall_segment Palisade Wall x1 |
| 10:09 | jax0n · age_up feudal |
| 10:16 | robecha18 · first_building Archery Range |
| 10:16 | gw=ar · age_up feudal |
| 10:25 | jax0n · wall_segment Stone Wall x3 |
| 10:37 | M0rT1nh0 · age_up feudal |
| 10:43 | GRERREIRO TOP · first_building Barracks |
| 11:20 | hurricanehoffmann · age_up feudal |
| 11:34 | jax0n · first_building Archery Range |
| 11:43 | KingDiss · age_up feudal |
| 11:55 | jax0n · wall_segment Stone Wall x3 |
| 11:57 | GRERREIRO TOP · first_building Stable |
| 12:09 | gw=ar · first_building Barracks |
| 13:33 | gw=ar · first_building Stable |
| 13:49 | gw=ar · wall_segment Palisade Wall x1 |
| 13:51 | gw=ar · wall_segment Palisade Wall x1 |
| 14:28 | gw=ar · age_up castle |
| 14:33 | M0rT1nh0 · age_up castle |
| 15:02 | hurricanehoffmann · age_up castle |
| 15:49 | KingDiss · first_building Barracks |
| 16:48 | KingDiss · first_building Stable |
| 17:25 | KingDiss · age_up castle |
| 17:28 | Almhi · first_market_sell 100 wood |
| 18:21 | robecha18 · age_up castle |
| 18:45 | jax0n · age_up castle |
| 19:08 | hurricanehoffmann · first_building Barracks |
| 19:37 | hurricanehoffmann · first_market_sell 100 wood |
| 19:55 | Almhi · age_up castle |
| 20:29 | robecha18 · first_building Castle |
| 20:51 | M0rT1nh0 · first_market_buy 100 stone |
| 21:21 | hurricanehoffmann · first_market_buy 100 stone |
| 21:31 | KingDiss · first_building Monastery |
| 22:15 | gw=ar · first_market_buy 100 food |
| 22:37 | Almhi · first_market_buy 100 stone |
| 22:41 | M0rT1nh0 · first_building Barracks |
| 23:00 | gw=ar · first_building Monastery |
| 23:23 | hurricanehoffmann · first_building Castle |
| 23:32 | robecha18 · first_building Stable |
| 24:56 | M0rT1nh0 · first_building Castle |
| 25:33 | KingDiss · first_building Castle |
| 26:16 | M0rT1nh0 · first_building Archery Range |
| 28:05 | Almhi · first_building Castle |
| 28:06 | gw=ar · first_building Castle |
| 28:39 | KingDiss · first_market_sell 100 wood |
| 28:39 | GRERREIRO TOP · first_building Castle |
| 28:42 | KingDiss · first_market_buy 100 food |
| 29:00 | gw=ar · first_market_sell 100 wood |
| 29:07 | hurricanehoffmann · first_building Stable |
| 29:22 | GRERREIRO TOP · wall_segment Palisade Wall x1 |
| 29:48 | gw=ar · age_up imperial |
| 29:58 | M0rT1nh0 · age_up imperial |
| 30:18 | hurricanehoffmann · age_up imperial |
| 31:15 | jax0n · first_building Castle |
| 31:56 | KingDiss · age_up imperial |
| 32:03 | Almhi · first_building Siege Workshop |
| 32:54 | KingDiss · first_building Archery Range |
| 34:06 | robecha18 · first_building Siege Workshop |
| 35:24 | robecha18 · first_market_sell 500 food |
| 35:59 | jax0n · age_up imperial |
| 36:48 | Almhi · wall_segment Stone Wall x5 |
| 38:08 | Almhi · age_up imperial |
| 38:13 | GRERREIRO TOP · first_building Archery Range |
| 38:26 | KingDiss · first_building Siege Workshop |
| 38:42 | robecha18 · age_up imperial |
| 41:52 | jax0n · first_market_sell 100 food |
| 42:28 | hurricanehoffmann · resign |
[ AI ANALYSIS · 1 CREDIT ]
What really happened in this match?
Wolo.gg analyzes every decision: build order, eco, micro, common mistakes by bracket. Personalized analysis on WhatsApp or Discord in 30 seconds.
Civ guide
Franks
Perfil
Jugador #230176